[Event "Late-Titled-Tuesday-Blitz-December-26-2023"]
[Site "Chess.com"]
[Date "2023.12.26"]
[Round "1"]
[White "Rutricks"]
[Black "Sacbutt"]
[Result "0-1"]
[WhiteElo "2628"]
[BlackElo "2354"]
[TimeControl "180+1"]
[EndTime "14:07:53 PST"]
[Termination "Sacbutt won by resignation"]

1. c4 e6 2. b3 d5 3. Bb2 Nf6 4. Nf3 Be7 5. e3 O-O 6. Be2 c5 7. O-O Nc6 8. cxd5 Nxd5 9. Qc1 b6 10. Rd1 Bb7 11. d4 Qc7 12. dxc5 Bxc5 13. Nc3 Nf6 14. a3 a6 15. b4 Be7 16. Qc2 Rac8 17. Rac1 Qb8 18.
Qb1 b5 19. Bd3 h6 20. Ne2 Rfd8 21. Ng3 Rc7 22. Be2 Rcd7 23. Rxd7 Rxd7 24. Nd4 Nxd4 25. Bxd4 Qa8 26. Bf1 Ne4 27. Nxe4 Bxe4 28. Qb2 Bf8 29. h4 Qb7 30. Qc3 Qd5 31. Qc8 Rd8 32. Qxa6 Qh5 33. Rc8 Qxh4 34. Rxd8 Qxd8 35. Qxb5 Qa8 36. Qa6 Bxg2 37.
Qxa8 Bxa8 38. Bg2 Bxg2 39. Kxg2 f6 40. Ba7 Kf7 41. Kf3 Ke8 42. Ke4 Kd7 43. Kd4 Kc6 44.
Kc4 h5 45. b5+ Kb7 46. Bd4 e5 47. Bc3 Bxa3 48. f3 h4 49. Be1 h3 50. Bg3 Bc1 51. f4 exf4 52. exf4 g5 53. fxg5 fxg5 54. Kd3 Bf4 0-1

[Event "Late-Titled-Tuesday-Blitz-December-26-2023"]
[Site "Chess.com"]
[Date "2023.12.26"]
[Round "1"]
[White "SEBAZZANO"]
[Black "Nathan_Filgueiras"]
[Result "0-1"]
[WhiteElo "2264"]
[BlackElo "2581"]
[TimeControl "180+1"]
[EndTime "14:07:53 PST"]
[Termination "Nathan_Filgueiras won by resignation"]

1. d4 Nf6 2. Bf4 e6 3. e3 c5 4. c3 Nc6 5. Nd2 d5 6. Ngf3 Nh5 7. Bg5 Qb6 8. Qb3 f6 9. Bh4 g5 10. Bg3 Nxg3 11. hxg3 c4 12. Qc2 Qc7 13. b3 cxb3 14.
axb3 g4 15. Nh4 f5 16. Ng6 Rg8 17. Nxf8 Rxf8 18. Bb5 Bd7 19. Bxc6 Bxc6 20. c4 Qd7 21. Kf1 a6 22. c5 O-O-O 23. b4 Rh8 24. Nb3 h5 25. Nc1 Bb5+ 26. Ke1 Qe7 27. Nd3 h4 28. gxh4 Rxh4 29. Rg1 Qh7 30. Ne5 Rh1 31. Kd2 Rxg1 32. Rxg1 Qh2 33. Qc1 Rh8 34. Ng6 Rh6 35. Ne5 g3 36. f4 Qh5 37. Qd1 Qe8 38. Qf3 Qg8 39. Kc3 Kc7 40. Kd2 Qg7 41. Kc3 Rh8 42. Kd2 Ra8 43. Rh1 a5 44. bxa5 Rxa5 45. Qh5 Ra2+ 46.
Kc3 Rxg2 47. Qh7 Qxh7 48. Rxh7+ Kb8 49. Rg7 Rg1 50. Kb4 Bf1 51. Ka5 Bh3 52. Kb6 Rb1+ 53. Ka5 g2 54. Nf3 Bg4 55. Ne5 g1=Q 56. Nd7+ Ka7 57.
Nb6 Qe1+ 0-1

[Event "Late-Titled-Tuesday-Blitz-December-26-2023"]
[Site "Chess.com"]
[Date "2023.12.26"]
[Round "1"]
[White "zverr1"]
[Black "lukazz029"]
[Result "0-1"]
[WhiteElo "2499"]
[BlackElo "1987"]
[TimeControl "180+1"]
[EndTime "14:07:56 PST"]
[Termination "lukazz029 won by checkmate"]

1. e4 c5 2. Nf3 d6 3. Nc3 g6 4.
d4 cxd4 5. Nxd4 Bg7 6. Be3 Nc6 7. Qd2 Nf6 8. f3 Bd7 9. O-O-O Rc8 10. Kb1 Ne5 11.
g4 a6 12. h4 h5 13. g5 Nh7 14. Nd5 b5 15. Be2 Nc4 16. Bxc4 Rxc4 17. Nb3 Be6 18. Na5 Rc8 19. Bd4 Bxd4 20. Qxd4 O-O 21. Nb3 Rc4 22. Qd2 Bxd5 23. Qxd5 Qc7 24. Rd2 Rc8 25. c3 Nf8 26. f4 Ne6 27. f5 Nf4 28.
fxg6 Nxd5 29. gxf7+ Kxf7 30. Rxd5 Kg7 31. g6 Rxe4 32.
Rxh5 Rh8 33. Rf5 Re5 34. Rf7+ Kxg6 35. Rf4 Rf5 36. Rg1+ Kf6 37. Rfg4 Qc6 38. Nd4 Qd5 39.
Rg6+ Kf7 40. Rg7+ Ke8 41. Nxf5 Qxf5+ 42. Ka1 Rxh4 43. a3 Rh2 44. Re1 Qf6 45. Rg8+ Kd7 46.
Ra8 Qf2 47. Rb1 e5 48. Rg8 e4 49.
Rg7+ Kc6 50. Rg8 e3 51. Re8 Kd7 52. Re4 Qf3 53. Rd4 e2 54. a4 Rh1 55. axb5 Rxb1+ 56. Kxb1 e1=Q+ 57. Ka2 axb5 58. Rb4 Qf7+ 59. b3 Qd2+ 60.
Ka3 Qc1+ 61. Ka2 Qf2# 0-1

[Event "Late-Titled-Tuesday-Blitz-December-26-2023"]
[Site "Chess.com"]
[Date "2023.12.26"]
[Round "1"]
[White "lefonghua"]
[Black "KorolDimitriy75"]
[Result "1-0"]
[WhiteElo "2683"]
[BlackElo "2374"]
[TimeControl "180+1"]
[EndTime "14:07:58 PST"]
[Termination "lefonghua won by resignation"]

1. d4 Nf6 2. c4 c5 3. d5 b5 4. cxb5 a6 5. b6 d6 6. Nc3 Nbd7 7. a4 a5 8. e4 g6 9. f4 Bg7 10. Nf3 O-O 11. Bb5 Nxb6 12. O-O e6 13. dxe6 Bxe6 14.
Re1 d5 15. Bc6 Rc8 16. Bxd5 Nfxd5 17. Nxd5 Nxd5 18. exd5 Qxd5 19. Qxd5 Bxd5 20. Ne5 Rfe8 21. Bd2 f6 22. Nd7 f5 23. Ne5 Be4 24. Bxa5 Bxe5 25.
fxe5 Rxe5 26. Bc3 Re6 27. a5 Ra8 28. Rad1 Re7 29. Rd6 Rc7 30. Red1 Raa7 31. Rd8+ Kf7 32. R1d6 c4 33. Rh8 Ke7 34. Bb4 Rcb7 35. Rb6+ Kd7 36. Rxh7+ Kc8 37. Rh8+ Kc7 38. Rg8 Rxb6 39. axb6+ Kxb6 40. Rxg6+ Kb5 41. Bc3 Ra1+ 42. Kf2 Rc1 43. h4 Rc2+ 44.
Kg1 Rc1+ 45. Kh2 Ra1 46. h5 Ra7 47. h6 Rh7 48. Bg7 Kc5 49. Re6 Kd5 50. Re8 Kd6 51. Kg3 Kd7 52. Re5 Kd6 53. Kf4 Kc6 54. g4 Bd3 55. g5 Kd6 56. g6 Rxg7 57. hxg7 1-0

[Event "Late-Titled-Tuesday-Blitz-December-26-2023"]
[Site "Chess.com"]
[Date "2023.12.26"]
[Round "1"]
[White "thechesscorner64"]
[Black "Eternauta2400"]
[Result "0-1"]
[WhiteElo "2451"]
[BlackElo "2816"]
[TimeControl "180+1"]
[EndTime "14:08:00 PST"]
[Termination "Eternauta2400 won by checkmate"]

1. e4 c6 2. Nf3 d5 3. d3 Bg4 4. Be2 e6 5. O-O Bd6 6. Nbd2 Nd7 7. b3 Ne7 8. Bb2 O-O 9. h3 Bh5 10. Nh2 Bxe2 11. Qxe2 Qc7 12. Ng4 Rae8 13. e5 Bc5 14. d4 Bb6 15. f4 c5 16. c3 cxd4 17.
cxd4 Nf5 18. Nf3 Ng3 19. Qd3 Nxf1 20. Ng5 g6 21. Rc1 Qd8 22. Rxf1 Kg7 23. Ba3 Rg8 24. Kh1 Bc7 25. h4 h5 26. Ne3 f6 27. f5 fxg5 28. f6+ Kf7 29. Be7 Qc8 30. Nxd5 Nb6 31. Nc3 Rxe7 32.
fxe7+ Kxe7 33. Ne4 Rf8 34. Nf6 Nd5 35. Qxg6 Nxf6 36.
exf6+ Kd7 37. hxg5 Bd6 38. f7 Qc3 39. d5 Qe5 40. dxe6+ Kc7 41. Qc2+ Kb8 42. g3 Qxe6 43. g6 Be5 44. Kg2 Qd5+ 45. Kh2 h4 46. g7 hxg3+ 47.
Kh3 Bxg7 48. Qf5 Qxf5+ 49. Rxf5 Kc7 50. Re5 Bxe5 51. Kg2 Rxf7 52. Kh3 Rf2 53. Kg4 Rh2 54. Kg5 g2 55. Kg4 g1=Q+ 56. Kf5 Rf2+ 57. Ke4 Bd6 58. Kd5 Qe1 59. Kc4 Qe5 60. b4 Rc2+ 61. Kb3 Qc3+ 62.
Ka4 Rxa2+ 63. Kb5 Qc6# 0-1

[Event "Late-Titled-Tuesday-Blitz-December-26-2023"]
[Site "Chess.com"]
[Date "2023.12.26"]
[Round "1"]
[White "Misticpikachu"]
[Black "Onischuk_V"]
[Result "1-0"]
[WhiteElo "2461"]
[BlackElo "2730"]
[TimeControl "180+1"]
[EndTime "14:08:04 PST"]
[Termination "Misticpikachu won by checkmate"]

1. c4 g6 2. Nc3 Bg7 3. d4 d6 4. e4 Nf6 5. h3 O-O 6. Be3 c6 7. g4 a6 8. a4 a5 9. Nge2 Na6 10. Ng3 e5 11. d5 Nc5 12. f3 Qb6 13. Rb1 Nfd7 14. Qd2 Qb4 15. b3 Bf6 16. h4 Bd8 17. Nd1 Qxd2+ 18. Kxd2 Na6 19. h5 Ndc5 20. Nf2 g5 21.
Nd3 Nxd3 22. Bxd3 f6 23. Ne2 Bd7 24. Rhc1 Kg7 25. Nc3 Be7 26. Na2 Rfc8 27. Ke2 Bd8 28. Kd2 Kf7 29. Nc3 Ke7 30. Na2 Bc7 31. Rc2 Rcb8 32.
Ke2 Bd8 33. Kd2 h6 34. Ke2 cxd5 35. cxd5 b5 36. axb5 Bxb5 37. Bxb5 Rxb5 38. Nc3 Rb7 39. Na4 Rab8 40. Rc3 Nb4 41. Rbc1 Na2 42. Rc6 Nxc1+ 43. Bxc1 Rxb3 44. Be3 Ra3 45. Nc5 Ra2+ 46. Kd3 dxc5 47. Bxc5+ Kf7 48. Rd6 Rb3+ 49. Kc4 Rbb2 50. Rxd8 Rc2+ 51.
Kb5 Rab2+ 52. Kc6 a4 53. Ra8 Rb3 54. d6 a3 55. Ra7+ Ke6 56. Re7# 1-0

[Event "Late-Titled-Tuesday-Blitz-December-26-2023"]
[Site "Chess.com"]
[Date "2023.12.26"]
[Round "1"]
[White "TEREZANA"]
[Black "BogdanDeac"]
[Result "0-1"]
[WhiteElo "2502"]
[BlackElo "3021"]
[TimeControl "180+1"]
[EndTime "14:08:06 PST"]
[Termination "BogdanDeac won by resignation"]

1. d4 Nf6 2. Nf3 g6 3. Bg5 Bg7 4. Nbd2 h6 5. Bh4 g5 6. Bg3 Nh5 7.
c3 d6 8. e4 Nxg3 9. hxg3 e6 10. Bd3 a6 11. Qe2 b6 12. a4 Bb7 13. g4 Nd7 14. Nf1 Nf6 15. N3d2 c5 16. Ng3 Qc7 17.
O-O O-O 18. Rfd1 Rfd8 19. Ndf1 Rac8 20. Ne3 cxd4 21. cxd4 b5 22. axb5 axb5 23. Bc2 Qb6 24. Qd3 b4 25. Bb3 Ra8 26. Rxa8 Rxa8 27. d5 Ba6 28.
Qd2 e5 29. Ra1 Bb7 30. Rxa8+ Bxa8 31. Nc4 Qc5 32. Ne3 Bb7 33. Qc2 Nd7 34. Ngf5 Bf8 35.
g3 Ba6 36. Kg2 Qxc2 37. Bxc2 Nc5 38. f3 b3 39. Bb1 Na4 40. Nd1 h5 41. gxh5 Be2 42.
Nfe3 g4 43. fxg4 Bh6 44. Kf2 Ba6 45. Nf5 Bc1 46. Nxd6 Bxb2 47. Ne3 Bd4 48. Kf3 Nc3 49. Ndf5 Nxb1 50. d6 Nd2+ 51. Kg2 Bxe3 52. Nxe3 Bc8 53. Nc4 Nxc4 54. g5 b2 55. g6 fxg6 56. h6 Bd7 0-1

[Event "Late-Titled-Tuesday-Blitz-December-26-2023"]
[Site "Chess.com"]
[Date "2023.12.26"]
[Round "1"]
[White "Fh2411"]
[Black "ChristopherYoo"]
[Result "1-0"]
[WhiteElo "2515"]
[BlackElo "2972"]
[TimeControl "180+1"]
[EndTime "14:08:09 PST"]
[Termination "Fh2411 won on time"]

1. d4 Nf6 2. Nf3 e6 3. c4 b6 4.
g3 Ba6 5. b3 Bb4+ 6. Bd2 Be7 7.
Bg2 O-O 8. O-O d5 9. Nc3 dxc4 10. Ne5 c6 11. Bg5 h6 12. Bf4 Bb4 13. Rc1 Bxc3 14. Rxc3 Nd5 15. Rxc4 Bxc4 16. bxc4 Nxf4 17. gxf4 Qd6 18. e3 a5 19. Qf3 Rc8 20. Rc1 Ra7 21. c5 bxc5 22. Rxc5 a4 23. h3 Nd7 24. Rc2 Nxe5 25.
fxe5 Qb4 26. Kh2 Rac7 27. Rc5 Qb2 28. Qg3 Qxa2 29. Be4 a3 30. Rc1 g6 31. Rg1 Kf8 32.
Qh4 Qb2 33. Qf6 a2 34. Rxg6 Qxf2+ 35. Qxf2 a1=Q 36. Rxh6 Qa3 37. Qf6 Ke8 38. Rh8+ Kd7 39. Rh7 Rf8 40. Rxf7+ Rxf7 41. Qxf7+ Qe7 42. Qf6 c5 43.
Qxe7+ Kxe7 44. dxc5 Rxc5 45. Kg3 Rxe5 46. Kf4 Rh5 47.
Bg2 Kf6 48. Kg4 Rh8 49. Kf4 Rb8 50. Kg3 Ke5 51. Bf3 1-0

[Event "Late-Titled-Tuesday-Blitz-December-26-2023"]
[Site "Chess.com"]
[Date "2023.12.26"]
[Round "1"]
[White "ilushka"]
[Black "Kiborg95"]
[Result "0-1"]
[WhiteElo "2454"]
[BlackElo "2822"]
[TimeControl "180+1"]
[EndTime "14:08:09 PST"]
[Termination "Kiborg95 won on time"]

1. Nf3 d6 2. d4 Nf6 3. b3 Bg4 4. Bb2 Bxf3 5. exf3 d5 6. g3 e6 7. Bg2 Nbd7 8. O-O c6 9. f4 g6 10. Nd2 h5 11. h4 a5 12. a4 Bb4 13. c3 Be7 14. Nf3 O-O 15. Ne5 Qc7 16. c4 Rfb8 17.
Rc1 Qd8 18. Re1 Nf8 19. Qd3 Bb4 20. Re2 Rc8 21. Rec2 N6d7 22. c5 Nxe5 23. fxe5 b6 24. Bc3 bxc5 25. Bxb4 c4 26. bxc4 axb4 27. cxd5 cxd5 28.
Rxc8 Rxc8 29. Rxc8 Qxc8 30. Qb5 Qc3 31. a5 b3 32. a6 b2 33. a7 Qc1+ 34. Bf1 b1=Q 35. Qxb1 Qxb1 36. a8=Q Kg7 37. Qa7 Qd1 38. Qc5 Nh7 39.
Kg2 g5 40. hxg5 Nxg5 41. Qc3 Ne4 42. Qe3 Qg4 43. Be2 Qf5 44. Qf3 Qxf3+ 45. Bxf3 Kg6 46. Bxe4+ dxe4 47. Kf1 f5 48. exf6 Kxf6 49. Ke2 Kg6 50. Ke3 Kf5 51. Ke2 Kf6 52. Kd2 Kg6 53. Ke2 Kf6 0-1

[Event "Late-Titled-Tuesday-Blitz-December-26-2023"]
[Site "Chess.com"]
[Date "2023.12.26"]
[Round "1"]
[White "Walter_White_Poland"]
[Black "Cipy77"]
[Result "0-1"]
[WhiteElo "2270"]
[BlackElo "2580"]
[TimeControl "180+1"]
[EndTime "14:08:11 PST"]
[Termination "Cipy77 won by resignation"]

1. e4 Nc6 2. Nf3 d6 3. d4 g6 4. d5 Nb8 5. c4 Bg7 6. Nc3 Nd7 7. Be2 a6 8. O-O Ngf6 9. Ne1 O-O 10. Nd3 c6 11. f3 cxd5 12. cxd5 Ne8 13. Be3 Ne5 14. Nxe5 Bxe5 15. Qd2 Bd7 16. a4 Qa5 17. Kh1 Rc8 18.
f4 Bxc3 19. bxc3 Qxc3 20. Qxc3 Rxc3 21. Bd4 Rc2 22. Bf3 Nf6 23. Rfc1 Rfc8 24. Rxc2 Rxc2 25. e5 Ng4 26. e6 Bxa4 27. exf7+ Kxf7 28. Bxg4 Bb3 29. Be6+ Kf8 30. f5 gxf5 31. Rf1 Ke8 32. h4 Rc4 33. Rf4 a5 34. g4 a4 35. gxf5 h5 36. Be3 Rc3 37. Rf3 a3 38. Rg3 Bxd5+ 39. Bxd5 Kd7 40. Be6+ Kc6 41. Bf4 Rxg3 42. Bxg3 b5 43. Be1 d5 44. Kg1 a2 45. Bxd5+ Kxd5 46. Bc3 Kc4 47. Ba1 Kb3 48. f6 exf6 49. Bxf6 Kc2 50.
Kf2 b4 51. Kf3 b3 52. Kf4 b2 53. Bxb2 Kxb2 54. Kg5 a1=Q 55. Kxh5 Qa7 56. Kg5 Qg7+ 57. Kh5 Qh8+ 58. Kg5 Kc3 59. h5 Kd4 60. h6 Ke5 61. Kg6 Ke6 62. h7 Ke7 63. Kh6 Kf7 64. Kg5 Qxh7 0-1

[Event "Late-Titled-Tuesday-Blitz-December-26-2023"]
[Site "Chess.com"]
[Date "2023.12.26"]
[Round "1"]
[White "only_strong_moves"]
[Black "DanielNaroditsky"]
[Result "0-1"]
[WhiteElo "2510"]
[BlackElo "3112"]
[TimeControl "180+1"]
[EndTime "14:08:19 PST"]
[Termination "DanielNaroditsky won by resignation"]

1. d4 Nf6 2. Nc3 d5 3. Bf4 a6 4.
e3 e6 5. a3 c5 6. Nf3 Nc6 7.
Be2 cxd4 8. exd4 Bd6 9. Qd2 O-O 10. O-O Ne4 11. Qe3 Nxc3 12. bxc3 Qc7 13. Bxd6 Qxd6 14. c4 dxc4 15. Bxc4 b5 16. Bd3 Bb7 17. Rfd1 Rad8 18.
c3 Ne7 19. Ne5 Nd5 20. Qe1 f6 21. Nf3 Rd7 22. c4 bxc4 23. Bxc4 Nf4 24. Qe3 Rc8 25.
Bb3 Rc3 26. Bxe6+ Kf8 27. Bxd7 Rxe3 28. fxe3 Ne2+ 29. Kf2 Nc3 30. Bg4 Nxd1+ 31. Rxd1 Be4 32. Nd2 Bd5 33. h3 Qxa3 34. Bf3 Bxf3 35. Nxf3 a5 36. Rd2 Ke7 37. d5 Qb4 38. d6+ Kd7 39. Rd4 Qb2+ 40. Rd2 Qb3 41. Nd4 Qb4 42. Rc2 Qxd6 43. Nb5 Qd3 44.
Rc7+ Kd8 45. Rc5 Qd2+ 46. Kf3 a4 47. Nc3 Ke8 48. Nxa4 Qd1+ 49. Kg3 Qxa4 50. Rc3 Qe4 51. Kf2 Kf7 52. Ra3 h5 53. Ra7+ Kg6 54. Ra5 Qc2+ 55.
Kg3 Qe2 56. Ra3 h4+ 57. Kh2 Qf2 58. e4 Qf4+ 59. Kg1 Qc1+ 60. Kh2 Qxa3 0-1

[Event "Late-Titled-Tuesday-Blitz-December-26-2023"]
[Site "Chess.com"]
[Date "2023.12.26"]
[Round "1"]
[White "le-castor-faineant"]
[Black "AyMitecK"]
[Result "1-0"]
[WhiteElo "2316"]
[BlackElo "2576"]
[TimeControl "180+1"]
[EndTime "14:08:21 PST"]
[Termination "le-castor-faineant won on time"]

1. e4 c6 2. d4 d5 3. Nc3 dxe4 4. Nxe4 Nf6 5. Nxf6+ exf6 6. Nf3 Be7 7. Bd3 Na6 8. O-O Nc7 9. c3 O-O 10. Qc2 h6 11. h3 Be6 12. Re1 a5 13. b3 a4 14.
Bd2 Bd5 15. Nh4 Re8 16. Nf5 Bf8 17. Rxe8 Qxe8 18. Re1 Qd7 19. Qd1 axb3 20. axb3 Be6 21. Qf3 Ra2 22. Bc1 Nd5 23. c4 Nb4 24. Be4 Bxf5 25.
Qxf5 Qxf5 26. Bxf5 Nc2 27. Re2 Nb4 28. Rxa2 Nxa2 29.
Bf4 Nb4 30. Bc8 b6 31. Bc7 b5 32. cxb5 cxb5 33. Bb7 Nc2 34. d5 Nd4 35. d6 Ne6 36. Bd5 Nc5 37. Bc6 Ne6 38. Bxb5 f5 39. Bc4 Nc5 40.
b4 Nd7 41. Bb5 Ne5 42. d7 Nxd7 43. Bxd7 Bxb4 44. Bxf5 Be7 45. f3 g6 46. Bd3 Kg7 47.
Be5+ f6 48. Bd4 Bd6 49. Kf2 g5 50. Bf5 Be7 51. Bb6 h5 52. Ke3 h4 53. Ke4 Bd6 54. Be6 Be5 55. Kf5 Bf4 56. Bd4 Be5 57. Bxe5 fxe5 58.
Kxg5 Kf8 59. Bd5 Ke7 60. Be4 Kd6 61. Kxh4 Kc5 62. Kg5 Kd4 63. h4 Ke3 64. h5 1-0

[Event "Late-Titled-Tuesday-Blitz-December-26-2023"]
[Site "Chess.com"]
[Date "2023.12.26"]
[Round "1"]
[White "RebecaJimnz"]
[Black "DanylaBagrov"]
[Result "0-1"]
[WhiteElo "2248"]
[BlackElo "2573"]
[TimeControl "180+1"]
[EndTime "14:08:26 PST"]
[Termination "DanylaBagrov won on time"]

1. e4 d6 2. d4 Nf6 3. Nc3 e5 4. dxe5 dxe5 5. Qxd8+ Kxd8 6. Bc4 Ke8 7. Nf3 Bd6 8. O-O Ke7 9. Bg5 Be6 10. Nd5+ Bxd5 11.
exd5 Nd7 12. Rfe1 Rae8 13. Bb3 Kd8 14. c4 h6 15. Be3 Ng4 16. Bd2 f5 17. Bc2 Rhf8 18.
h3 e4 19. hxg4 exf3 20. Bxf5 Ne5 21. b3 g6 22. Be4 fxg2 23. Kxg2 Nxg4 24. f3 Bf4 25.
Bxf4 Rxf4 26. Bxg6 Rg8 27. fxg4 Rxg4+ 28. Kf3 R8xg6 29. Re4 Rg3+ 30. Ke2 Rg2+ 31. Kd3 R6g3+ 32. Re3 Rg7 33. Rh1 Rh7 34. Re6 h5 35. a4 h4 36.
Rh3 Rg3+ 37. Re3 Rg1 38. Re4 Rg3+ 39. Re3 Rxe3+ 40. Kxe3 Kd7 41. Kf4 Kd6 42. b4 a5 43.
bxa5 Kc5 44. Ke5 Kxc4 45. d6 cxd6+ 46. Kxd6 Kb4 47. a6 bxa6 48. Ke5 Kxa4 49. Kf4 Kb4 50. Rh1 h3 51. Kg3 h2 52. Kg2 a5 53. Rb1+ Kc3 54. Kh1 Rh5 55. Ra1 Kb2 56. Ra4 Kb3 57.
Ra1 a4 58. Ra3+ Kxa3 59. Kg2 h1=Q+ 0-1

[Event "Late-Titled-Tuesday-Blitz-December-26-2023"]
[Site "Chess.com"]
[Date "2023.12.26"]
[Round "1"]
[White "Aariow"]
[Black "German_Bazeev"]
[Result "1/2-1/2"]
[WhiteElo "2476"]
[BlackElo "2853"]
[TimeControl "180+1"]
[EndTime "14:08:30 PST"]
[Termination "Game drawn - insufficient material"]

1. d4 Nf6 2. c4 e6 3. Nc3 Bb4 4. Qc2 d5 5. cxd5 Qxd5 6. Nf3 Qf5 7. Qb3 Nc6 8. g3 Qd5 9. Qxd5 Nxd5 10. Bd2 Bd7 11. Bg2 f6 12. a3 Bxc3 13. bxc3 Nb6 14. Bf4 O-O-O 15. Nd2 Na5 16. e4 Bb5 17. Rb1 Bd3 18. Rb4 e5 19. Be3 Nc6 20. Rb3 Nc4 21. d5 Nxe3 22. fxe3 Na5 23. Rb4 b6 24. Bf1 Bxf1 25.
Rxf1 c6 26. c4 Kc7 27. g4 Rhf8 28. h4 Nb7 29. Ke2 Nc5 30. Rbb1 Rd7 31. g5 Rdf7 32. Rf5 g6 33. Rxf6 Rxf6 34. gxf6 Rxf6 35. Rg1 Kd6 36. Rg5 a5 37. h5 b5 38. dxc6 b4 39. axb4 axb4 40.
c7 Kxc7 41. Rxe5 Kc6 42. hxg6 Rxg6 43. Rd5 b3 44. e5 b2 45. Kd1 Rg2 46. Kc2 Ne4 47. Kxb2 Rxd2+ 48. Rxd2 Nxd2 49. Kc3 Nf3 50. e6 Kd6 51. Kd3 Ne5+ 52. Ke4 Kxe6 53. c5 Nf7 54. Kf4 Kd5 55. Kf5 Kxc5 56. Kf6 h6 57. Kg6 Kd6 58. Kxf7 h5 59. Kf6 h4 60. e4 h3 61. e5+ Kd5 62. e6 h2 63. e7 h1=Q 64. e8=Q Qh6+ 65. Qg6 Qxg6+ 66. Kxg6 1/2-1/2

[Event "Late-Titled-Tuesday-Blitz-December-26-2023"]
[Site "Chess.com"]
[Date "2023.12.26"]
[Round "1"]
[White "Rakitic2010"]
[Black "MITerryble"]
[Result "1/2-1/2"]
[WhiteElo "2515"]
[BlackElo "3028"]
[TimeControl "180+1"]
[EndTime "14:08:33 PST"]
[Termination "Game drawn - timeout vs insufficient material"]

1. e4 e6 2. d4 d5 3. Nc3 Nf6 4. e5 Nfd7 5. f4 c5 6. Nf3 Nc6 7. Be3 Be7 8. Qd2 O-O 9. dxc5 Qa5 10. a3 Nxc5 11. O-O-O a6 12. f5 Ne4 13. Nxe4 dxe4 14.
Qxa5 Nxa5 15. f6 gxf6 16. exf6 Bxf6 17. Nd2 b5 18. Nxe4 Be7 19. Be2 Bb7 20. Bf3 Nc4 21. Bd4 Bxe4 22. Bxe4 Rad8 23. Bc3 Rc8 24. Rd3 f5 25. Rg3+ Kf7 26. Rg7+ Ke8 27. Bb7 Rc7 28. Bxa6 Nxa3 29. Rxe7+ Kxe7 30. Bb4+ Kf7 31. Bxf8 Rxc2+ 32. Kd1 Kxf8 33. bxa3 Ra2 34. Re1 b4 35. Bc4 Rxg2 36.
axb4 Rg4 37. Bxe6 Rxb4 38. Bxf5 Rb2 39. h3 Kg7 40. Bc2 h5 41. Kd2 Rb4 42. Ke3 Rh4 43.
Rh1 Kf6 44. Kf3 Rc4 45. Bd3 Rc3 46. Ke3 Ra3 47. h4 Ra4 48. Be4 Ke5 49. Bf3 Ra3+ 50.
Kf2 Kf4 51. Bxh5 Ra2+ 52. Be2 Ra6 53. h5 Rh6 54. Rg1 Rf6 55. Rf1 Ke4+ 56. Kg2 Rxf1 57.
Bxf1 Kf5 58. Bd3+ Kg5 59. Be2 Kh6 60. Kg3 Kg7 61. Kg4 Kh8 62. Kg5 Kh7 63. Kh4 Kh8 64. Kg5 Kg7 65. Bd3 Kh8 66. Be4 Kg8 67. Bf5 Kh8 1/2-1/2

[Event "Late-Titled-Tuesday-Blitz-December-26-2023"]
[Site "Chess.com"]
[Date "2023.12.26"]
[Round "1"]
[White "SnekkerAndersen"]
[Black "GMthekingindian"]
[Result "0-1"]
[WhiteElo "2572"]
[BlackElo "2304"]
[TimeControl "180+1"]
[EndTime "14:08:37 PST"]
[Termination "GMthekingindian won by checkmate"]

1. e4 c5 2. Nf3 d6 3. d4 cxd4 4. Nxd4 Nf6 5. f3 e5 6. Nb3 d5 7. Bg5 Be6 8. Bxf6 gxf6 9. exd5 Qxd5 10. Qxd5 Bxd5 11. Nc3 Bb4 12. O-O-O Be6 13. Nd5 Bxd5 14. Rxd5 Nc6 15. Bb5 Rd8 16. Rxd8+ Kxd8 17. c3 Be7 18. Bxc6 bxc6 19. Kc2 Rg8 20. g4 h5 21. h3 Kc7 22. Nd2 f5 23. gxf5 Rg5 24. Kd3 Rxf5 25. Rg1 Bg5 26. Ke4 Rf4+ 27. Kxe5 f6+ 28. Ke6 Rh4 29.
Ne4 Rxh3 30. f4 Bxf4 31. Nxf6 h4 32. Rg7+ Kb6 33. c4 Re3+ 34. Kf5 Bg3 35. Rh7 Kc5 36. b3 a5 37. Kg4 Kb4 38. Rb7+ Kc3 39. Ra7 Kb4 40. Nd7 Be1 41. Rb7+ Ka3 42. Nc5 Kxa2 43. Rd7 Bb4 44. Na6 Rxb3 45. Rc7 c5 46. Nxc5 Bxc5 47. Rxc5 a4 48. Kxh4 a3 49. Rb5 Rb2 50. Kg3 Ka1 51. Ra5 a2 52. Rf5 Rb3+ 53. Kg2 Kb2 54. Rf2+ Ka3 55. Rf1 Rb2+ 56. Kg3 Rb1 57. Rf3+ Kb4 58.
c5 a1=Q 59. Rf4+ Kb5 60. c6 Qg7+ 61. Rg4 Rg1+ 62. Kh3 Qxg4+ 63. Kh2 Qg3# 0-1

[Event "Late-Titled-Tuesday-Blitz-December-26-2023"]
[Site "Chess.com"]
[Date "2023.12.26"]
[Round "1"]
[White "jactorres"]
[Black "cthake"]
[Result "1-0"]
[WhiteElo "2511"]
[BlackElo "1898"]
[TimeControl "180+1"]
[EndTime "14:08:37 PST"]
[Termination "jactorres won by resignation"]

1. e4 c5 2. Nf3 Nc6 3. d4 cxd4 4. Nxd4 Nf6 5. Nc3 e5 6. Ndb5 d6 7. Nd5 Nxd5 8. exd5 Nb8 9. c4 a6 10. Nc3 Be7 11.
Be2 O-O 12. O-O f5 13. Kh1 f4 14. Bg4 Nd7 15. Ne4 Nf6 16. Nxf6+ Bxf6 17. Re1 Qe8 18. Bd2 Qg6 19. Bxc8 Raxc8 20. Rc1 Bh4 21. Qf3 Rce8 22.
Re4 h5 23. Rce1 Bf6 24. Bc3 Qg4 25. Qd3 Bh4 26. h3 Qg6 27. Qf3 Bf6 28. b4 Qh6 29. c5 dxc5 30. bxc5 Qg5 31. d6 Rc8 32. Bb4 a5 33. Ba3 Rf7 34. Rd1 Qf5 35. Rc4 Qe6 36.
Qd5 Qxd5 37. Rxd5 Rd7 38. Bb2 Re8 39. f3 g5 40. Re4 Kf7 41. Bxe5 Bxe5 42. Rdxe5 Rxe5 43.
Rxe5 Kf6 44. Rd5 Rd8 45. a4 Rd7 46. Kg1 Rd8 47. Kf2 Re8 48. d7 Rd8 49. Ke2 Ke6 50. Rxg5 Rxd7 51. Rxh5 Kf6 52. Rh6+ Kg5 53. Rb6 Re7+ 54.
Kf2 Kf5 55. Rb5 Rd7 56. Rxa5 Rd2+ 57. Kg1 Ke6 58. Kh2 Kd5 59. Rb5 Kc6 60. Rb6+ Kxc5 61. Rxb7 Ra2 62. Ra7 Kb6 63. Ra8 Kb7 64. Ra5 Kb6 65.
Rb5+ Kc6 66. Rb4 Kc5 67. Rxf4 Kd5 68. Re4 Kd6 69. h4 Kc7 70. h5 Kd6 71. h6 1-0

[Event "Late-Titled-Tuesday-Blitz-December-26-2023"]
[Site "Chess.com"]
[Date "2023.12.26"]
[Round "1"]
[White "AradNazari"]
[Black "thesupera12"]
[Result "1-0"]
[WhiteElo "2713"]
[BlackElo "2405"]
[TimeControl "180+1"]
[EndTime "14:08:43 PST"]
[Termination "AradNazari won by resignation"]

1. e4 d5 2. exd5 Qxd5 3. Nc3 Qa5 4. d4 Nf6 5. Bc4 Bg4 6. Ne2 Nc6 7. f3 Bh5 8. Bb3 O-O-O 9. Be3 e5 10. d5 Nb4 11.
Bd2 Qc5 12. Ne4 Qb6 13. N2c3 Nbxd5 14. Nxd5 Nxd5 15. Qe2 Bc5 16. Nxc5 Qxc5 17. O-O-O Rhe8 18. Rhe1 e4 19. g4 Bg6 20. fxe4 Rxe4 21. Qf3 Rxe1 22. Rxe1 Nb4 23. Bc3 f6 24. a3 Nd5 25. Bd2 a6 26.
Rd1 Nb6 27. h4 h5 28. Re1 Qd6 29. Be3 Nd5 30. Bxd5 Qxd5 31. Qxd5 Rxd5 32. Rg1 Re5 33. Bd4 Re4 34. gxh5 Bxh5 35. Bf2 g6 36. Bg3 Re2 37. Re1 Rg2 38. Re3 f5 39. b4 Rg1+ 40. Kb2 Rf1 41. Rc3 f4 42. Bh2 c6 43. Rc4 f3 44. Rf4 f2 45.
Bg3 Kd7 46. Bxf2 Rh1 47. Rf8 Bg4 48. Kc3 Bf5 49. Kb2 Rh3 50. Bc5 Rh2 51. Rf7+ Ke6 52. Rxb7 Rxc2+ 53. Kb3 Rh2 54. Rb6 Rxh4 55. Rxc6+ Kd5 56.
Rd6+ Ke5 57. Rxa6 Rh3+ 58. Kb2 Rh2+ 59. Kb3 Rh1 60. Ra5 Ke4 61. b5 Kd3 62. Bb4 Rb1+ 63. Ka2 Kc4 64. b6 Rd1 65. Rc5+ Kd4 66. b7 Be6+ 67. Kb2 Rg1 68. b8=Q Rg3 69. Qxg3 1-0

[Event "Late-Titled-Tuesday-Blitz-December-26-2023"]
[Site "Chess.com"]
[Date "2023.12.26"]
[Round "1"]
[White "Mikayel99"]
[Black "youngdinousaur"]
[Result "1/2-1/2"]
[WhiteElo "2577"]
[BlackElo "2288"]
[TimeControl "180+1"]
[EndTime "14:08:51 PST"]
[Termination "Game drawn - insufficient material"]

1. e4 c5 2. Nf3 e6 3. b3 Nf6 4.
e5 Nd5 5. Bb2 Nc6 6. c4 Nc7 7. Nc3 d6 8. exd6 Qxd6 9. Nb5 Nxb5 10.
cxb5 Nd4 11. Nxd4 cxd4 12. Bd3 Be7 13. O-O O-O 14. Re1 Bf6 15. a4 Rd8 16. Ba3 Qd5 17. Be4 Qg5 18. Qf3 Qxd2 19. Rac1 Qg5 20. Rc7 Rd7 21.
Rxd7 Bxd7 22. Bxb7 Rd8 23. Bc6 Bc8 24. h3 d3 25. Rd1 d2 26. Bb4 h5 27. Qe3 Qxe3 28.
fxe3 Rd3 29. Rxd2 Rxb3 30. Bc5 a6 31. b6 Rc3 32. b7 Bxb7 33. Bxb7 Rxc5 34. Bxa6 Rc1+ 35.
Kf2 Ra1 36. Bb5 Rb1 37. Rc2 Rb2 38. Rxb2 Bxb2 39. a5 Be5 40. a6 Bb8 41. Kf3 Ba7 42.
Be8 g6 43. Kf4 Kg7 44. Ke4 h4 45. Kf3 g5 46. e4 f6 47. Ke2 Kf8 48. Bc6 Ke7 49.
Kd3 Kd6 50. Bb5 Ke5 51. Bc6 Kf4 52. Ke2 f5 53. Kd3 Kg3 54. exf5 exf5 55. Bd7 f4 56.
Bc6 g4 57. hxg4 Kxg4 58. Ke2 Kg3 59. Bd7 Bb6 60. Bf5 Ba7 61. Bh3 Bb6 62. Bd7 Ba7 63. Bc6 Bb6 64. Be4 Ba7 65. Kd3 Bb6 66. Kc4 Ba7 67.
Kb5 h3 68. gxh3 Kxh3 69. Kc6 Kg3 70. Kb7 Be3 71. Kc6 f3 72. Kd5 f2 73. Bd3 Ba7 74. Kc6 Kg2 75. Kb7 Be3 76. Kc6 f1=Q 77. Bxf1+ Kxf1 78. Kc7 Ke2 79. Kb7 Kd3 80. Kc6 Kc4 81. Kc7 Kb5 82. a7 Bxa7 1/2-1/2